 Dungeon Crawl Stone Soup version 0.29-a0-218-gf2abdc9806 (webtiles) character file.

Game seed: 14887738021591811867

91 Aksej the Skirmisher (level 4, -4/36 HPs)
             Began as a Demonspawn Monk on Feb 25, 2022.
             Slain by a worm (6 damage)
             ... on level 3 of the Dungeon.
             The game lasted 00:03:17 (2076 turns).

Aksej the Skirmisher (Demonspawn Monk)              Turns: 2076, Time: 00:03:18

Health: -4/36      AC:  4    Str: 11    XL:     4   Next: 33%
Magic:  4/4        EV: 13    Int: 11    God:
Gold:   130        SH:  0    Dex: 20    Spells: 3/3 levels left

rFire   . . .      SeeInvis .   a - +0 mace
rCold   . . .      Faith    .   (no shield)
rNeg    . . .      Spirit   .   b - +0 robe
rPois   .          Reflect  .   (no helmet)
rElec   .          Harm     .   (no cloak)
rCorr   .          Rampage  .   d - +0 pair of gloves
Will    .....                   g - +0 pair of boots
Stlth   ++++......              (no amulet)
HPRegen 0.12/turn               (no ring)
MPRegen 0.09/turn               (no ring)

@: no status effects
A: thin skeletal structure 1, powered by pain 1
a: no special abilities


You were on level 3 of the Dungeon.
You visited 1 branch of the dungeon, and saw 3 of its levels.

You collected 130 gold pieces.

Inventory:

Hand Weapons
 a - a +0 mace (weapon)
Armour
 b - a +0 robe (worn)
 d - a +0 pair of gloves (worn)
 g - a +0 pair of boots (worn)
Potions
 c - a potion of cancellation
 e - a potion of curing {unknown}
 f - a potion of heal wounds
 i - a potion of brilliance {unknown}


   Skills:
 * Level 3.6 Fighting
 + Level 3.3 Maces & Flails
 + Level 3.2 Dodging
 + Level 2.7 Stealth


You had 3 spell levels left.
You didn't know any spells.
Your spell library contained the following spells:

 Spells                   Type           Power      Damage    Failure   Level
 Ignite Poison            Fire/Tmut/Pois 0%         N/A       71%         3
 Mephitic Cloud           Conj/Pois/Air  0%         N/A       71%         3
 Freezing Cloud           Conj/Ice/Air   0%         6-21      100%        5


Dungeon Overview and Level Annotations

Branches:
Dungeon (3/15)

Altars:
Ashenzari


Innate Abilities, Weirdness & Mutations

You have a somewhat thin skeletal structure. (Dex +2, Stealth+)
You sometimes gain a little power by taking damage.


Message History

The endoplasm freezes you.
You are frozen.
You hit the endoplasm.
You kill the endoplasm!
The ball python bites you but does no damage.
The ball python barely misses you. The endoplasm freezes you.
You are frozen.
The ball python barely misses you. x2
You thump the worm!
The worm is moderately wounded.
The ball python barely misses you. The ball python grabs you.
The ball python constricts you.
The endoplasm hits you but does no damage.
You hit the ball python.
The ball python is heavily wounded.
The ball python bites you. The ball python constricts you.
The endoplasm freezes you.
You are frozen.
The worm bites you! The ball python bites you.
* * * LOW HITPOINT WARNING * * *
The ball python constricts you.
You are too injured to fight recklessly!
You are too injured to fight recklessly!
You are too injured to fight recklessly!
You are too injured to fight recklessly!
You sock the ball python!
You kill the ball python!
The endoplasm freezes you.
You are frozen.
* * * LOW HITPOINT WARNING * * *
The worm misses you. The endoplasm freezes you.
You are frozen.
* * * LOW HITPOINT WARNING * * *
You thump the worm!
The worm is severely wounded.
The endoplasm freezes you.
You are frozen.
* * * LOW HITPOINT WARNING * * *
The worm bites you.
You die...

.
..###.....†.#.##....#
. ####..#......... .
#........#.#
#.....#.....# # .
............#.# ..
#..#####.....#.#...
... .........!.....
.. #######...##...
#....†@.......
#....wJ...#...
#.......<.# ..
...........# .
!............
..............
........$.....>
...........#...


You could see a worm and an endoplasm.

Vanquished Creatures
  4 adders
  2 dart slugs
  3 bats
  8 endoplasms
  A giant cockroach (D:2)
  4 goblins
  4 hobgoblins
  4 quokkas
  7 ball pythons
  3 frilled lizards
  4 kobolds (D:1)
  3 rats
47 creatures vanquished.

Notes
Turn   | Place    | Note
-------+----------+-------------------------------------------
     0 | D:1      | Aksej the Demonspawn Monk began the quest for the Orb.
     0 | D:1      | Reached XP level 1. HP: 18/18 MP: 1/1
    49 | D:1      | Found a faded altar of an unknown god.
   180 | D:1      | Gained mutation: You have a somewhat thin skeletal
                  | structure. (Dex +2, Stealth+) [demonic ancestry]
   180 | D:1      | Reached XP level 2. HP: 16/24 MP: 2/2
  1120 | D:2      | Gained mutation: You sometimes gain a little power by
                  | taking damage. [demonic ancestry]
  1120 | D:2      | Reached XP level 3. HP: 29/29 MP: 3/3
  1158 | D:2      | Found a broken altar of Ashenzari.
  1761 | D:2      | Reached XP level 4. HP: 26/35 MP: 4/4
  2076 | D:3      | Slain by a worm

Illustrated notes

Levels and vault maps discovered:
D:1:      dpeg_arrival_ternary, layout_rooms, chequers_ecumenical_altar_island
D:2:      layout_basic, basic_altar
D:3:      layout_rooms, fountainhead

Skill      XL: |  1  2  3 |
---------------+----------+-----
Dodging        | 3 |  3.2
Stealth        | 2 |  2.7
Maces & Flails | 3 |  3.3
Fighting       | |  3.6

Action                   |  1- 3 |  4- 6 || total
-------------------------+-------+-------++-------
Melee: Mace              |   117 |    21 ||   138
       Punch             |     1 |       ||     1
  Use: Scroll            |     4 |     2 ||     6
 Stab: Sleeping          |    13 |     3 ||    16
Armor: Robe              |    26 |     7 ||    33
Dodge: Dodged            |    73 |    19 ||    92

Table legend: (Time is in decaauts)
 A = Elapsed time spent in this place.
 B = Non-inter-level travel time spent in this place.
 C = Inter-level travel time spent in this place.
 D = Time resting spent in this place.
 E = Time spent auto-exploring this place.
 F = Levels seen in this place.
 G = Mean time per level.
                   A        B        C        D        E       F      G
               +--------+--------+--------+--------+--------+-----+--------+
         Total |   2122 |   2100 |     22 |      0 |   1682 |   3 |  707.3 |
       Dungeon |   2122 |   2100 |     22 |      0 |   1682 |   3 |  707.3 |
               +--------+--------+--------+--------+--------+-----+--------+

Top non-repeatable levels by time:
     D:1: 1142 daAuts
     D:2: 930 daAuts
     D:3: 48 daAuts
